 Dungeon Crawl Stone Soup version 0.20.0-15-g7f486f2 (webtiles) character file.

256655 sheala the Protected (level 19, -6/150 HPs)
             Began as a Hill Orc Monk on June 28, 2017.
             Was a High Priest of Beogh.
             Mangled by a death knight
             ... wielding a +0 great sword
              (10 damage)
             ... on level 1 of the Vaults on July 1, 2017.
             The game lasted 06:17:11 (58204 turns).

sheala the Protected (Hill Orc Monk)               Turns: 58204, Time: 06:17:11

Health: -6/150     AC: 29    Str: 24    XL:     19   Next: 81%
Magic:  21/24      EV: 19    Int: 14    God:    Beogh [*****.]
Gold:   2172       SH: 23    Dex: 24    Spells: 19/25 levels left

rFire    + . .     SeeInvis +   x - +8 trident of the Octopus King {venom, rElec rPois MR+}
rCold    . . .     Gourm    .   W - +5 shield of the Iron Devil {Str+3 Dex+4 Slay+3}
rNeg     + . .     Faith    .   Q - +5 chain mail of the Neverending Souls {+Fly SInv}
rPois    +         Spirit   .   (helmet restricted)
rElec    +         Reflect  +   U - +2 cloak
rCorr    +         Harm     .   w - +0 pair of gloves of Torr {+Inv rElec rCorr}
MR       ++...     Rnd*Rage +   G - +2 pair of boots
Stlth    ++........             H - amulet of Eternal Harmony {Reflect rF+ rN+ Slay+3 SH+3}
Regen    0.4/turn               h - ring of wizardry
MPRegen  0.2/turn               c - ring of wizardry

@: mighty, agile, slowed, studying 2 skills, very slow
A: walk on water, beak, yellow scales 1, berserk 2, frail 1
}: 2/15 runes: decaying, serpentine
a: Smiting, Recall Orcish Followers, Give Item to Named Follower, Renounce
Religion, Evoke Invisibility, Evoke Flight


You were on level 1 of the Vaults.
You worshipped Beogh.
Beogh was extremely pleased with you.
You were hungry.

You visited 7 branches of the dungeon, and saw 35 of its levels.
You visited the Abyss 1 time.
You also visited: Ice Cave.

You collected 3176 gold pieces.
You spent 1004 gold pieces at shops.

Inventory:

Hand Weapons
 f - a +1 demon blade of flaming
 x - the +8 trident of the Octopus King (weapon) {venom, rElec rPois MR+}
   (You took it off a deep elf demonologist on level 3 of the Elven Halls)

   It poisons the flesh of those it strikes.
   It insulates you from electricity.
   It protects you from poison.
   It affects your resistance to hostile enchantments.
 z - the +6 spear of Wisdom {pierce, rC+ Dex+5}
   (You found it on level 4 of the Dungeon)

   It inflicts extra damage upon your enemies.
   It affects your dexterity (+5).
   It protects you from cold.
 J - the +8 whip "Snakebite" {curare, rPois}
   (You found it on level 3 of the Lair of Beasts)

   It poisons the flesh of those it strikes.
   It protects you from poison.
Missiles
 S - 5 tomahawks of returning
 Z - 3 tomahawks of dispersal (quivered)
Armour
 u - a scarf of cloud immunity
 w - the +0 pair of gloves of Torr (worn) {+Inv rElec rCorr}
   (You found it on level 1 of the Vaults)

   It insulates you from electricity.
   It lets you turn invisible.
   It protects you from acid and corrosion.
 F - a +2 pair of gloves
 G - a +2 pair of boots (worn)
 Q - the +5 chain mail of the Neverending Souls (worn) {+Fly SInv}
   (You found it on level 7 of the Dungeon)

   It lets you see invisible.
   It lets you fly.
 U - a +2 cloak (worn)
 W - the +5 shield of the Iron Devil (worn) {Str+3 Dex+4 Slay+3}
   (You found it on level 5 of the Lair of Beasts)

   It affects your strength (+3).
   It affects your dexterity (+4).
   It affects your accuracy and damage with ranged weapons and melee attacks
   (+3).
Jewellery
 b - an uncursed ring of poison resistance
 c - a ring of wizardry (right hand)
 e - a +4 ring of evasion
 h - a ring of wizardry (left hand)
 l - an uncursed ring of fire
 H - the amulet of Eternal Harmony (around neck) {Reflect rF+ rN+ Slay+3 SH+3}
   (You bought it in a shop on level 2 of the Orcish Mines)

   [amulet of reflection]

   It shields you and reflects attacks.
   It affects your accuracy and damage with ranged weapons and melee attacks
   (+3).
   It protects you from fire.
   It protects you from negative energy.
   It affects your SH (+3).
 I - an uncursed ring of protection from cold
 M - an uncursed ring of protection from fire
 O - an uncursed ring of ice
Wands
 p - a wand of digging (2/24)
 r - a wand of iceblast (3/15)
 y - a wand of flame (24/48)
 C - a wand of disintegration (8/24)
 V - a wand of enslavement (5/24)
Scrolls
 d - a scroll of fog
 g - 3 scrolls of identify
 i - a scroll of enchant armour
 B - 11 scrolls of remove curse
 E - a scroll of acquirement
 L - 2 scrolls of brand weapon
 P - a scroll of magic mapping
Potions
 k - 3 potions of might
 n - 2 potions of agility
 q - 2 potions of magic
 s - 2 potions of flight
 T - 5 potions of brilliance
Books
 a - a manual of Spellcasting
 o - a book of the Earth

   Spells                             Type                      Level
   a - Leda's Liquefaction            Hexes/Earth                  4
   b - Bolt of Magma                  Conjuration/Fire/Earth       5
   c - Statue Form                    Transmutation/Earth          6
   d - Iron Shot                      Conjuration/Earth            6
   e - Shatter                        Earth                        9
 t - a book of Clouds

   Spells                             Type                      Level
   a - Poisonous Vapours              Poison/Air                   2
   b - Mephitic Cloud                 Conjuration/Poison/Air       3
   c - Conjure Flame                  Conjuration/Fire             3
   d - Freezing Cloud                 Conjuration/Ice/Air          6
   e - Ring of Flames                 Charms/Fire                  7
 A - a book of Misfortune

   Spells                             Type                      Level
   a - Confusing Touch                Hexes                        1
   b - Confuse                        Hexes                        3
   c - Gell's Gravitas                Translocation                3
   d - Petrify                        Transmutation/Earth          4
   e - Metabolic Englaciation         Hexes/Ice                    5
   f - Yara's Violent Unravelling     Hexes/Transmutation          5
 N - a manual of Ice Magic
Comestibles
 j - 5 meat rations
 m - 11 royal jellies
 v - 7 chunks of flesh
 K - 4 bread rations


   Skills:
 + Level 14.1 Fighting
   Level 1.3(1.5) Short Blades
 - Level 1.3(1.7) Long Blades
   Level 7.7(15.1) Axes
 + Level 11.8(12.4) Maces & Flails
 + Level 13.5(14.0) Polearms
 - Level 11.9 Throwing
 - Level 14.2 Armour
 + Level 6.6 Dodging
 + Level 5.5 Stealth
 - Level 13.9 Shields
 + Level 0.4 Unarmed Combat
 * Level 3.8 Spellcasting
 * Level 2.4 Conjurations
 - Level 3.3 Ice Magic
 * Level 2.2 Air Magic
 * Level 11.8 Poison Magic
 + Level 3.6 Invocations
 * Level 6.1 Evocations


You had 19 spell levels left.
You knew the following spells:

 Your Spells              Type           Power        Failure   Level  Hunger
a - Sticks to Snakes      Tmut           #.......     36%         2    ##.....
b - Sting                 Conj/Pois      ###.         1%          1    None
c - Mephitic Cloud        Conj/Pois/Air  ###.....     9%          3    ###....


Dungeon Overview and Level Annotations

Branches:
Dungeon (15/15)            Temple (0/1) D:4            Lair (6/6) D:9
  Swamp (4/4) Lair:2        Snake (4/4) Lair:2        Slime (0/5) Lair:5
    Orc (2/2) D:10            Elf (3/3) Orc:2        Vaults (1/5) D:13
 Depths (0/5) D:15

Altars:
Ashenzari
Cheibriados
Elyvilon
Makhleb
Okawaru
Qazlal
Sif Muna
The Shining One

Shops:
D:7 %   Orc:2 **(!=

Annotations:
D:3 Sigmund
Lair:1 exclusion: obsidian statue
Snake:3 exclusion: Roxanne, Bai Suzhen; Roxanne
Elf:2 5 runed doors


Innate Abilities, Weirdness & Mutations

You can walk on water.
You have a beak for a mouth.
You are partially covered in yellow scales. (AC +2)
You often lose your temper in combat.
You are frail. (-10% HP)


Message History

The two-headed ogre completely misses you.
The two-headed ogre closely misses you. The freezing wraith closely misses you.
The freezing wraith completely misses you.
You block the ogre's attack.
Okay, then.
Aiming: Smiting
Press: ? - help, Dir - move target cursor, f - two-headed ogre Smite: a two-headed ogre, wielding a dire flail and a giant spiked club (severely wounded, poisoned)
You smite the two-headed ogre!
You kill the two-headed ogre!
Beogh accepts your kill. You block the death knight's attack.
You block the red ugly thing's attack.
The red ugly thing basks in the mutagenic energy from its kin and changes!
You block the cyan ugly thing's attack. The cyan ugly thing misses you.
The cyan ugly thing completely misses you.
The freezing wraith misses you.
The freezing wraith completely misses you.
The red ugly thing barely misses you. The ogre barely misses you.
The death knight hits you with a great sword!
You die...

#...............#.#.
#...............#.#.
#...............#...
#.########.....########..####
#.#......#.....#......#..#
.'......#.....'......#^.# #
#......#.)...#......#..#
#.#......#.W)O.#......#..####
..'......#Wp@uO'......#..#...
#...(..#Wuuu[#......#..#...
#######......#.Wu[.#......#..#...
.....##.....(#.....#......#..#...
.....##.....)'(....#......#..#...
.....##......#.....#......#..#)).
.....#########.....########..'o..
.....# #..(............#)..
.....# #......u........#...


You could see a death knight, 5 ugly things, 4 freezing wraiths and 2 ogres.

Vanquished Creatures
  Nikola (Swamp:1)
  2 deep elf blademasters (Elf:3)
  A deep elf master archer (Elf:3)
  A tentacled starspawn (Abyss:2)
  2 thorn hunters
  Agnes (Elf:1)
  Donald (Vaults:1)
  5 nagarajas (Snake:4)
  2 vault wardens (Vaults:1)
  2 deep elf sorcerers
  A frost giant (IceCv)
  2 deep elf elementalists (Elf:3)
  A ghoul (D:14)
  3 ironheart preservers (Vaults:1)
  A deep elf demonologist (Elf:3)
  A deep elf annihilator (Elf:3)
  3 deep elf death magi (Elf:3)
  2 deep elf high priests (Elf:3)
  2 yaktaur captains (Vaults:1)
  Harold (D:11)
  A vault guard (Vaults:1)
  A ghost crab (Swamp:2)
  7 naga warriors
  A rakshasa (Vaults:1)
  14 two-headed ogres
  11 hydras
  A death knight (Vaults:1)
  4 alligators
  6 anacondas
  2 centaur warriors
  4 ogre magi
  An alligator (shapeshifter) (D:15)
  A deep troll shaman (Vaults:1)
  11 dancing weapons
  A deep troll earth mage (Vaults:1)
  6 deep elf knights
  4 shock serpents
  6 naga sharpshooters
  A wretched star (Abyss:2)
  A salamander mystic (Snake:3)
  An unseen horror (shapeshifter) (Abyss:2)
  An iron troll (Orc:2)
  3 skeletal warriors (D:13)
  A deep troll (Orc:2)
  2 naga ritualists (Snake:4)
  3 large abominations (Abyss:2)
  An unseen horror (D:15)
  A golden dragon zombie (Abyss:2)
  A wizard (D:15)
  7 deep elf archers
  5 sea snakes (Snake:4)
  A shadow demon (Abyss:2)
  5 swamp dragons
  2 orc knights (Orc:2)
  2 spriggan druids
  3 phantasmal warriors (D:15)
  A lindwurm (Lair:6)
  2 orc sorcerers
  2 harpies (Vaults:1)
  33 deep elf magi
  4 mana vipers
  13 ugly things
  The ghost of Blackbelt the Slasher, a novice HuCK of Xom (D:5)
  2 cyclopes
  3 manticores
  4 salamanders
  The ghost of spinkules the Cleaver, a novice GrBe of Trog (D:6)
  A fire giant skeleton (Abyss:2)
  4 naga magi
  17 black mambas
  7 guardian serpents
  2 vault sentinels (Vaults:1)
  5 spiny frogs
  3 rime drakes
  A kobold demonologist (D:15)
  5 komodo dragons
  6 trolls
  18 polar bears
  3 hornets
  A raiju (Abyss:2)
  2 tyrant leeches (Swamp:3)
  Prince Ribbit (D:5)
  8 hippogriffs
  5 blink frogs
  Grinder (D:5)
  A meliai zombie (D:14)
  3 bog bodies
  4 dream sheep (Lair:6)
  2 slime creatures
  3 air elementals
  3 shadows
  3 water elementals
  4 wyverns
  2 wraiths
  A fire elemental (Elf:1)
  6 humans
  A golden eye (shapeshifter) (Elf:2)
  2 hogs (D:8)
  4 vampire mosquitoes
  44 yaks
  A neqoxec (Abyss:2)
  2 hungry ghosts (D:8)
  3 steam dragons
  24 nagas
  10 swamp worms
  2 wargs
  An acid dragon (D:11)
  2 hell hounds (Lair:6)
  2 porcupines
  7 water moccasins
  2 phantoms
  A floating eye (shapeshifter) (Elf:1)
  9 orc warriors
  5 swamp drakes
  6 ice beasts
  5 sky beasts
  6 centaurs
  19 ogres
  The ghost of Alannah the Skirmisher, an amateur DsBe of Trog (D:4)
  6 crocodiles
  9 wolves
  2 big kobolds
  2 earth elementals
  A gnoll sergeant (D:5)
  10 bullfrogs
  A wyvern zombie (D:14)
  3 jellies
  2 scorpions
  11 killer bees (D:11)
  7 wights
  3 electric eels (D:9)
  8 centaur zombies
  A lava snake (Lair:6)
  4 crimson imps
  4 orc priests
  4 centaur skeletons
  11 hounds
  2 bullfrog skeletons
  7 iguanas
  12 orc wizards
  Natasha (thrice) (D:2)
  13 worker ants
  A killer bee zombie (D:6)
  A hound skeleton (D:4)
  A mummy (D:14)
  2 worker ant zombies
  Robin (D:1)
  A gnoll (D:2)
  15 adders
  A shadow imp (D:6)
  A white imp (Vaults:1)
  An ufetubus (Abyss:2)
  An adder skeleton (D:5)
  7 worms
  2 dart slugs
  5 leopard geckos
  13 orcs
  2 ball pythons
  11 bats
  4 giant cockroaches
  26 goblins
  9 hobgoblins
  11 jackals
  2 quokkas
  5 frilled lizards
  A jackal skeleton (D:4)
  15 kobolds
  A leopard gecko skeleton (D:5)
  6 rats
  A plant (D:9)
778 creatures vanquished.

Vanquished Creatures (collateral kills)
  Vashnia (Snake:3)
  A bone dragon (Abyss:2)
  A tentacled monstrosity (Swamp:4)
  A deep elf blademaster (Elf:3)
  The ghost of Xenophilius the Executioner, an adept GrBe of Trog (Vaults:1)
  3 nagarajas (Snake:4)
  Aizul (Swamp:3)
  A deep elf sorcerer (Elf:3)
  Nessos (D:13)
  A deep elf annihilator (Elf:3)
  3 orc knights
  A fire dragon (Lair:6)
  A deep elf high priest (Elf:2)
  2 great orbs of eyes (Vaults:1)
  2 rakshasas
  7 hydras
  14 naga warriors
  A death knight (D:15)
  A ghost crab (Swamp:3)
  7 anacondas
  15 two-headed ogres
  2 centaur warriors
  2 ogre magi
  6 dancing weapons
  The ghost of Alannah the Fighter, a novice DsBe of Trog (D:9)
  11 naga sharpshooters
  An alligator (Swamp:3)
  An orc high priest (Orc:1)
  A deep elf knight (Elf:3)
  4 shock serpents
  A salamander mystic (Snake:3)
  A skeletal warrior (D:13)
  3 sea snakes (Snake:4)
  5 naga ritualists
  A wizard (Vaults:1)
  A swamp dragon (Swamp:4)
  4 salamanders
  2 shambling mangroves
  2 deep trolls (Vaults:1)
  A glowing orange brain (D:15)
  3 deep elf archers
  A harpy (Vaults:1)
  7 mana vipers
  8 deep elf magi
  An orc sorcerer (Orc:2)
  A manticore (D:13)
  5 elephants (Lair:5)
  4 ugly things
  2 cyclopes
  2 centaur zombies (D:15)
  4 guardian serpents
  2 molten gargoyles (Lair:6)
  27 black mambas
  2 vault sentinels (Vaults:1)
  11 naga magi
  3 rime drakes
  10 spiny frogs
  A freezing wraith (Vaults:1)
  2 yaktaurs
  12 komodo dragons
  A polar bear (Lair:6)
  8 trolls
  5 hornets
  2 tyrant leeches
  11 slime creatures
  23 blink frogs
  A bog body (Swamp:1)
  5 hippogriffs
  3 dream sheep (Lair:6)
  A raiju (Abyss:2)
  An air elemental (Elf:3)
  2 spriggans (Swamp:2)
  26 yaks
  3 wraiths
  A wyvern (Lair:6)
  11 humans (D:12)
  2 fire elementals
  2 steam dragons
  5 vampire mosquitoes
  3 insubstantial wisps (Swamp:2)
  An acid dragon (Vaults:1)
  35 nagas
  3 swamp worms
  7 porcupines
  3 hell hounds (Lair:6)
  4 water moccasins
  3 orc warriors
  2 sky beasts
  3 swamp drakes (Swamp:4)
  A phantom (D:11)
  16 ogres
  2 centaurs (D:13)
  6 wolves
  9 crocodiles
  5 bullfrogs
  An earth elemental (Elf:3)
  2 scorpions
  A killer bee (D:11)
  3 wights
  2 electric eels (Lair:3)
  A howler monkey (D:5)
  3 lava snakes (Lair:6)
  A crimson imp (D:11)
  A centaur skeleton (D:11)
  2 orc wizards (Orc:2)
  An iguana (Lair:2)
  A worker ant zombie (D:10)
  An adder (Lair:3)
  A howler monkey skeleton (D:10)
  A shadow imp (D:13)
  12 orcs
  A kobold (D:8)
  A quokka (D:9)
  A leopard gecko zombie (D:5)
  3 bushes
  A crawling corpse (Elf:3)
  16 fungi
  20 plants
517 creatures vanquished.

Vanquished Creatures (others)
  3 orc warlords
  13 orc knights
  2 orc sorcerers
  An orc high priest (Swamp:1)
  A centaur warrior (D:15)
  A two-headed ogre (Orc:2)
  A deep elf archer (Elf:1)
  A naga mage (Snake:1)
  18 orc warriors
  A yaktaur (Vaults:1)
  A troll (Orc:2)
  An insubstantial wisp (Swamp:2)
  A crimson imp (D:13)
  10 orc priests
  17 orc wizards
  An adder (D:9)
  A leopard gecko (D:3)
  43 orcs
  A quokka (D:3)
  A kobold (D:3)
  A rat (D:3)
  A crawling corpse (Elf:3)
  2 fungi
  5 plants
  3 starspawn tentacles (Abyss:2)
131 creatures vanquished.

Grand Total: 1426 creatures vanquished

Notes
Turn   | Place    | Note
-------+----------+-------------------------------------------
     0 | D:1      | sheala the Hill Orc Monk began the quest for the Orb.
     0 | D:1      | Reached XP level 1. HP: 19/19 MP: 1/1
   254 | D:1      | Reached XP level 2. HP: 20/27 MP: 2/2
   419 | D:2      | Found a shattered altar of Ashenzari.
   694 | D:3      | Noticed Sigmund
   733 | D:2      | Reached XP level 3. HP: 24/33 MP: 3/3
   953 | D:2      | Noticed Robin
  1260 | D:1      | Killed Robin
  1560 | D:1      | Reached skill level 1 in Armour
  1714 | D:2      | Noticed Natasha
  1726 | D:2      | Killed Natasha
  1726 | D:2      | Reached skill level 5 in Axes
  1726 | D:2      | Reached XP level 4. HP: 15/40 MP: 4/4
  2600 | D:1      | Noticed a sky beast
  2612 | D:1      | Gained mutation: You are partially covered in yellow scales. (AC +2) [potion of mutation]
  2612 | D:1      | Gained mutation: You tend to lose your temper in combat. [potion of mutation]
  2612 | D:1      | Gained mutation: You have a beak for a mouth. [potion of mutation]
  2621 | D:1      | Killed a sky beast
  2621 | D:1      | Reached XP level 5. HP: 27/47 MP: 5/5
  2773 | D:2      | Noticed Natasha
  2864 | D:2      | Killed Natasha
  2917 | D:2      | Found a faded altar of an unknown god.
  2990 | D:2      | Reached XP level 6. HP: 53/55 MP: 6/6
  3085 | D:2      | Found an iron altar of Okawaru.
  4453 | D:3      | Became a worshipper of Beogh the Brigand
  4453 | D:3      | Reached * piety under Beogh
  4453 | D:3      | Reached ** piety under Beogh
  4634 | D:2      | Noticed Natasha
  5009 | D:1      | Reached skill level 5 in Fighting
  5245 | D:4      | Got a bloodstained spear
  5246 | D:4      | Identified the +6 spear of Wisdom {pierce, rC+ Dex+5} (You found it on level 4 of the Dungeon)
  5418 | D:4      | Reached XP level 7. HP: 59/61 MP: 7/7
  5437 | D:4      | Noticed Alannah's ghost (amateur DsBe)
  5705 | D:4      | Reached skill level 1 in Polearms
  5830 | D:4      | Found a staircase to the Ecumenical Temple.
  5913 | D:4      | Killed Alannah's ghost
  5947 | D:5      | Entered Level 5 of the Dungeon
  5957 | D:5      | Reached XP level 8. HP: 69/70 MP: 8/8
  6170 | D:5      | Noticed Prince Ribbit
  6185 | D:5      | Killed Prince Ribbit
  6222 | D:5      | Reached skill level 5 in Armour
  6269 | D:5      | Got a shimmering spear
  6270 | D:5      | Identified the cursed +1 spear of Ointment {freeze, rF+ Str+3} (You found it on level 5 of the Dungeon)
  6347 | D:5      | Noticed Grinder
  6691 | D:6      | Reached skill level 5 in Polearms
  6974 | D:6      | Reached *** piety under Beogh
  7143 | D:6      | Reached skill level 1 in Evocations
  7146 | D:6      | Reached XP level 9. HP: 75/78 MP: 9/9
  7214 | D:6      | Found a stormy altar of Qazlal.
  7214 | D:6      | Noticed spinkules's ghost (novice GrBe)
  7234 | D:6      | Killed spinkules's ghost
  7234 | D:6      | Reached skill level 1 in Invocations
  7556 | D:5      | Paralysed by Grinder for 3 turns
  7754 | D:7      | Got a fine chain mail
  8249 | D:7      | Found a deep blue altar of Sif Muna.
  8420 | D:7      | Found Puept's Food Shop.
  8834 | D:2      | Identified a scroll of acquirement
  8856 | D:2      | Killed Natasha
  9345 | D:5      | Killed Grinder
  9528 | D:5      | Noticed Blackbelt's ghost (novice HuCK)
  9555 | D:5      | Reached skill level 1 in Short Blades
  9555 | D:5      | Reached skill level 1 in Shields
  9854 | D:5      | Reached XP level 10. HP: 81/88 MP: 11/11
  9944 | D:5      | >
 10100 | D:7      | Identified the +5 chain mail of the Neverending Souls {+Fly SInv} (You found it on level 7 of the Dungeon)
 10183 | D:8      | Reached skill level 1 in Ice Magic
 10641 | D:5      | Killed Blackbelt's ghost
 10641 | D:5      | Reached skill level 1 in Spellcasting
 10730 | D:5      | Learned a level 2 spell: Sticks to Snakes
 11142 | D:7      | Noticed a two-headed ogre
 11548 | D:8      | Noticed a two-headed ogre
 11562 | D:8      | Killed a two-headed ogre
 11844 | D:8      | Found a snail-covered altar of Cheibriados.
 12465 | D:9      | Found a white marble altar of Elyvilon.
 12499 | D:9      | Reached **** piety under Beogh
 12689 | D:9      | Noticed Alannah's ghost (novice DsBe)
 12697 | D:10     | Entered Level 10 of the Dungeon
 12734 | D:10     | Reached XP level 11. HP: 95/95 MP: 14/14
 13344 | D:10     | Noticed a two-headed ogre
 13353 | D:10     | Killed a two-headed ogre
 13353 | D:10     | Reached skill level 1 in Throwing
 13405 | D:10     | Reached skill level 10 in Polearms
 13422 | D:10     | Found a staircase to the Orcish Mines.
 13486 | D:10     | Found a burning altar of Makhleb.
 13503 | D:10     | Learned a level 1 spell: Sting
 14068 | D:11     | Noticed Harold
 14088 | D:11     | Killed Harold
 14468 | D:11     | Noticed a two-headed ogre
 14479 | D:11     | Killed a two-headed ogre
 14594 | D:11     | Reached ***** piety under Beogh
 14654 | D:11     | Noticed a manticore
 14669 | D:11     | Killed a manticore
 14669 | D:11     | Reached XP level 12. HP: 105/105 MP: 16/16
 14902 | D:11     | Reached skill level 5 in Shields
 15369 | D:12     | Noticed a two-headed ogre
 15385 | D:12     | Killed a two-headed ogre
 15734 | D:13     | Found a gate to the Vaults.
 15734 | D:13     | Noticed a two-headed ogre
 15734 | D:13     | Noticed Nessos
 16012 | D:10     | Noticed a two-headed ogre
 16019 | D:10     | Killed a two-headed ogre
 16145 | D:9      | Killed Alannah's ghost
 16145 | D:9      | Reached skill level 1 in Poison Magic
 16214 | D:9      | Got a smoking robe
 16474 | D:9      | Found a staircase to the Lair.
 16485 | Lair:1   | Entered Level 1 of the Lair of Beasts
 16598 | Lair:1   | Reached skill level 10 in Armour
 16883 | Lair:1   | Identified the +1 robe "Muthapea" {Dex+4} (You found it on level 9 of the Dungeon)
 17066 | Lair:1   | Reached skill level 5 in Throwing
 17262 | Lair:1   | Reached skill level 10 in Fighting
 17983 | Lair:2   | Found a staircase to the Swamp.
 18143 | Lair:2   | Gained Herok as an ally
 18160 | Lair:2   | Noticed a five-headed hydra
 18165 | Lair:2   | Killed a five-headed hydra
 18190 | Lair:2   | Reached XP level 13. HP: 106/113 MP: 17/17
 18610 | Lair:1   | Learned a level 3 spell: Mephitic Cloud
 18817 | Lair:3   | Found a frozen archway.
 18823 | IceCv    | Entered an ice cave
 19221 | IceCv    | Noticed a frost giant
 19236 | IceCv    | Reached ****** piety under Beogh
 19278 | IceCv    | Killed a frost giant
 21795 | Lair:4   | Reached skill level 1 in Maces & Flails
 22646 | Lair:5   | Found a staircase to the Slime Pits.
 23119 | Lair:5   | Reached XP level 14. HP: 124/124 MP: 18/18
 23182 | Lair:5   | Got a smoking shield
 23194 | Lair:5   | Identified the +5 shield of the Iron Devil {Str+3 Dex+4 Slay+3} (You found it on level 5 of the Lair of Beasts)
 23507 | Lair:6   | Entered Level 6 of the Lair of Beasts
 23776 | Lair:6   | Reached skill level 5 in Poison Magic
 23808 | Lair:6   | Found a large runed door.
 24003 | Lair:6   | Found a large runed door.
 25237 | Lair:6   | Gained Warbeogh as an ally
 26261 | Swamp:1  | Entered Level 1 of the Swamp
 26417 | Swamp:1  | Noticed Nikola
 26619 | Lair:2   | Got a crystal falchion
 26624 | Lair:2   | Identified the +9 falchion of Irritation {chaos, SInv} (You found it on level 2 of the Lair of Beasts)
 27143 | Lair:2   | Found a staircase to the Snake Pit.
 27150 | Snake:1  | Entered Level 1 of the Snake Pit
 28703 | Orc:1    | Entered Level 1 of the Orcish Mines
 29446 | Snake:2  | Reached XP level 15. HP: 116/130 MP: 19/19
 29515 | Snake:2  | Gained Learuk as an ally
 29665 | Snake:2  | Reached skill level 5 in Maces & Flails
 30055 | Snake:2  | Gained Wargath as an ally
 30490 | Snake:3  | Your ally Wargath died
 30897 | Snake:1  | Reached skill level 5 in Dodging
 31859 | Snake:3  | Your ally Herok died
 31919 | Snake:3  | Noticed Bai Suzhen
 31987 | Snake:3  | Noticed Roxanne
 32404 | Snake:3  | Noticed Vashnia
 32654 | Snake:3  | Killed Vashnia
 32654 | Snake:3  | Reached skill level 10 in Shields
 32656 | Snake:3  | Your ally Warbeogh died
 32840 | Snake:3  | Gained Bogdar as an ally
 33644 | Swamp:2  | Your ally Bogdar died
 34047 | Swamp:3  | Noticed Aizul
 34064 | Swamp:3  | Killed Aizul
 34238 | Swamp:4  | Entered Level 4 of the Swamp
 34305 | Swamp:4  | Noticed a tentacled monstrosity
 34315 | Swamp:4  | Killed a tentacled monstrosity
 34322 | Swamp:4  | Noticed a thorn hunter
 34327 | Swamp:4  | Killed a thorn hunter
 34660 | Swamp:4  | Reached XP level 16. HP: 116/139 MP: 20/20
 34768 | Swamp:4  | Your ally Learuk died
 34773 | Swamp:4  | Noticed a thorn hunter
 34773 | Swamp:4  | Your ally Wargath died
 35262 | Swamp:3  | Killed a thorn hunter
 36117 | Swamp:4  | Got a decaying rune of Zot
 36483 | Swamp:1  | Killed Nikola
 36835 | D:12     | Gained Herok as an ally
 37069 | D:12     | Gained Borgk as an ally
 37095 | D:13     | Your ally Borgk died
 37095 | D:13     | Reached skill level 1 in Long Blades
 37272 | D:13     | Killed Nessos
 37499 | D:13     | Found a glowing golden altar of the Shining One.
 38423 | Vaults:1 | Entered Level 1 of the Vaults
 38445 | Vaults:1 | Reached skill level 10 in Throwing
 38456 | Vaults:1 | Noticed Xenophilius's ghost (adept GrBe)
 38846 | Orc:2    | Entered Level 2 of the Orcish Mines
 38866 | Orc:2    | Found Rextet's Weapon Shop.
 38931 | Orc:2    | Found Omeigiet's Assorted Antiques.
 38932 | Orc:2    | Found Jiskugoh's Distillery.
 38945 | Orc:2    | Found Gonkello's Jewellery Boutique.
 38969 | Orc:2    | Gained mutation: You are frail. (-10% HP) [a neqoxec]
 39212 | Orc:2    | Found a staircase to the Elven Halls.
 39367 | Orc:2    | Found Waunn's Assorted Antiques.
 39576 | Orc:2    | Bought the amulet of Eternal Harmony {Reflect rF+ rN+ Slay+3 SH+3} for 744 gold pieces
 39630 | Orc:2    | >
 39639 | Elf:1    | Entered Level 1 of the Elven Halls
 39647 | Elf:1    | Reached XP level 17. HP: 108/133 MP: 21/21
 39663 | Elf:1    | Your ally Herok died
 40027 | Elf:1    | Gained Bogrim as an ally
 40035 | Elf:1    | Your ally Bogrim died
 41166 | D:14     | Found an iron altar of Okawaru.
 43373 | Snake:3  | Gained Zorug as an ally
 43749 | Snake:4  | Entered Level 4 of the Snake Pit
 43845 | Snake:4  | Reached skill level 5 in Stealth
 45610 | Snake:4  | Reached skill level 10 in Maces & Flails
 45880 | Snake:4  | Reached XP level 18. HP: 118/140 MP: 22/22
 45890 | Snake:4  | Reached skill level 10 in Poison Magic
 46319 | Snake:4  | Your ally Zorug died
 46445 | Snake:4  | Got a serpentine rune of Zot
 47896 | Elf:1    | Noticed Agnes
 47911 | Elf:1    | Killed Agnes
 49105 | Orc:2    | Bought a potion of heal wounds for 65 gold pieces
 49105 | Orc:2    | Bought a potion of heal wounds for 65 gold pieces
 49107 | Orc:2    | Bought a potion of haste for 130 gold pieces
 50675 | Elf:2    | Paralysed by an orc sorcerer for 3 turns
 50871 | Elf:2    | Found a huge runed gate.
 50871 | Elf:2    | Found a huge runed gate.
 50872 | Elf:2    | Found a huge runed gate.
 50873 | Elf:2    | Found a huge runed gate.
 50879 | Elf:2    | Found a huge runed gate.
 51173 | Elf:2    | Gained Milork as an ally
 51376 | Elf:3    | Entered Level 3 of the Elven Halls
 52186 | Elf:3    | Noticed a deep elf blademaster
 52191 | Elf:3    | Noticed a deep elf blademaster
 52762 | Elf:3    | Noticed a deep elf blademaster
 52767 | Elf:3    | Noticed a deep elf master archer
 52782 | Elf:3    | Killed a deep elf blademaster
 52789 | Elf:3    | Killed a deep elf master archer
 52825 | Elf:3    | Killed a deep elf blademaster
 52844 | Elf:3    | Killed a deep elf blademaster
 53566 | Elf:3    | Gained Morguth as an ally
 53680 | Elf:3    | Your ally Morguth died
 53921 | Elf:3    | Noticed a Hell Sentinel
 53923 | Elf:3    | Noticed a Hell Sentinel
 53925 | Elf:3    | Cast into level 2 of the Abyss (a deep elf demonologist)
 54020 | Abyss:2  | 
 54021 | Abyss:2  | Gained mutation: You often lose your temper in combat. [a neqoxec]
 54098 | Abyss:2  | Reached XP level 19. HP: 103/146 MP: 23/23
 54180 | Abyss:2  | Noticed a bone dragon
 54193 | Abyss:2  | Killed a bone dragon
 54203 | Abyss:2  | <
 54204 | Elf:3    | Escaped the Abyss
 54216 | Elf:3    | Got a heavy robe
 54228 | Elf:3    | Identified the cursed +0 robe of Daeseth {Str+2} (You took it off a deep elf demonologist on level 3 of the Elven Halls)
 54362 | Elf:3    | Your ally Milork died
 54780 | Orc:1    | Gained Horkud as an ally
 54787 | Orc:1    | Your ally Horkud died
 54954 | D:15     | Entered Level 15 of the Dungeon
 55016 | D:15     | Gained Warrok as an ally
 55026 | D:15     | Got a crude trident
 55027 | D:15     | Identified the cursed +2 trident "Huol" {flame, rF+ MR+ Int+4} (You found it on level 15 of the Dungeon)
 55133 | D:15     | Your ally Warrok died
 55451 | D:15     | Reached skill level 5 in Evocations
 55506 | D:15     | Found a staircase to the Depths.
 56135 | Vaults:1 | Killed Xenophilius's ghost
 56749 | Vaults:1 | Reached skill level 1 in Conjurations
 56854 | Vaults:1 | Reached skill level 1 in Air Magic
 57263 | Vaults:1 | Got a pair of twisted gloves
 57274 | Vaults:1 | Identified the cursed +0 pair of gloves of Torr {+Inv rElec rCorr} (You found it on level 1 of the Vaults)
 57379 | Vaults:1 | Noticed Donald
 57397 | Vaults:1 | Killed Donald
 58178 | Vaults:1 | Your ally Warrok died
 58203 | Vaults:1 | HP: 3/150 [cyan ugly thing (5)]
 58204 | Vaults:1 | Mangled by a death knight

Skill      XL: |  1  2  3  4  5  6  7  8  9 10 11 12 13 14 15 16 17 18 19 |
---------------+----------------------------------------------------------+-----
Fighting       | 4 5 6 7 8 9 10 11 12 13 14 | 14.1
Armour         | 1 2 3 4 6 7 8 9 10 11 12 13 14 | 14.2
Axes           | 5 6 7 |  7.7
Dodging        | 3 4 5 6 |  6.6
Stealth        | 2 3 4 5 |  5.5
Polearms       | 2 5 8 9 10 11 12 13 | 13.5
Evocations     | 1 2 3 4 6 |  6.1
Invocations    | 2 3 |  3.6
Short Blades   | 1 |  1.3
Shields        | 1 3 4 5 7 9 10 12 13 | 13.9
Ice Magic      | 3 |  3.3
Spellcasting   | 2 3 |  3.8
Throwing       | 3 5 7 8 9 10 11 | 11.9
Poison Magic   | 2 4 6 7 9 11 | 11.8
Maces & Flails | 2 4 7 8 10 11 | 11.8
Long Blades    | 1 |  1.3
Conjurations   | 2 |  2.4
Air Magic      | 2 |  2.2
Unarmed Combat | |  0.4

Action                   |  1- 3 |  4- 6 |  7- 9 | 10-12 | 13-15 | 16-18 | 19-21 || total
-------------------------+-------+-------+-------+-------+-------+-------+-------++-------
Melee: Hand axe          |   108 |   203 |       |       |       |       |       ||   311
       Peck              |       |    31 |    85 |   212 |   314 |   476 |   138 ||  1256
       War axe           |       |    41 |       |     5 |       |       |       ||    46
       Spear             |       |    22 |   330 |   819 |   337 |   159 |    48 ||  1715
       Unarmed           |       |     4 |       |       |       |       |       ||     4
       Dagger            |       |       |     6 |       |       |       |       ||     6
       Whip              |       |       |       |       |   659 |  1249 |       ||  1908
       Battleaxe         |       |       |       |       |     3 |       |       ||     3
       Falchion          |       |       |       |       |       |   130 |       ||   130
       Trident           |       |       |       |       |       |       |   370 ||   370
Throw: Tomahawk          |       |       |       |     1 |       |       |       ||     1
 Cast: Sting             |       |       |       |       |     3 |     8 |     2 ||    13
Invok: Convert to Beogh  |       |     1 |       |       |       |       |       ||     1
       Smiting           |       |       |     5 |     4 |     5 |       |     1 ||    15
       Recall Orcish Fol |       |       |       |       |    11 |    10 |       ||    21
       Give Item to Name |       |       |       |       |     5 |     4 |     1 ||    10
       Resurrection      |       |       |       |       |     1 |     4 |     1 ||     6
 Abil: Evoke Flight      |       |       |       |       |     1 |       |       ||     1
Evoke: Wand              |       |       |    11 |    24 |    14 |    21 |     9 ||    79
  Use: Potion            |     2 |     4 |     2 |     1 |    11 |    12 |     8 ||    40
       Scroll            |     2 |     7 |    12 |    21 |    17 |    14 |     7 ||    80
 Stab: Invisible         |       |       |       |     3 |       |       |       ||     3
       Distracted        |       |       |       |     8 |    11 |    13 |     3 ||    35
       Paralysed         |       |       |       |       |     1 |       |       ||     1
  Eat: Bread ration      |     1 |     1 |       |     2 |     1 |     7 |     2 ||    14
       Chunk             |       |     8 |     8 |    15 |     5 |     8 |       ||    44
       Fruit             |       |     2 |     3 |     3 |     1 |     4 |       ||    13
       Royal jelly       |       |     1 |     1 |       |     1 |     2 |       ||     5
       Meat ration       |       |       |       |     1 |     8 |     4 |       ||    13
Armor: Robe              |     2 |       |       |       |       |       |       ||     2
       Leather armour    |    28 |       |       |       |       |       |       ||    28
       Skin              |     5 |     3 |       |       |       |       |       ||     8
       Ring mail         |       |    74 |       |       |       |       |       ||    74
       Plate armour      |       |    22 |   176 |   261 |       |       |       ||   459
       Chain mail        |       |       |       |    54 |   487 |   615 |   120 ||  1276
Dodge: Dodged            |    92 |   132 |    81 |   142 |   418 |   615 |   165 ||  1645
Block: Buckler           |       |       |    29 |   199 |    89 |    47 |    17 ||   381
       Shield            |       |       |       |       |   538 |  1446 |   389 ||  2373
       Reflection        |       |       |       |       |       |    94 |    21 ||   115
       Rpst.: Falchion   |       |       |       |       |       |    22 |       ||    22
